 Dungeon Sprint DCSS version 0.20-a0-1127-g1289703 (webtiles) character file.

25032 potatolord6000 the Tortoise (level 12, -3/128 HPs)
             Began as a Deep Dwarf Fighter on May 18, 2017.
             Was an Initiate of Gozag.
             Killed from afar by a bog body (10 damage)
             ... with a bolt of cold
             ... in the Dungeon (Sprint IX: "|||||||||||||||||||||||||||||").
             The game lasted 00:17:39 (1984 turns).

potatolord6000 the Tortoise (Deep Dwarf Fighter)    Turns: 1984, Time: 00:17:40

Health: -3/128     AC: 33    Str: 26    XL:     12   Next: 85%
Magic:  17/17      EV: 20    Int: 13    God:    Gozag
Gold:   845        SH:  0    Dex: 16    Spells: 36/36 levels left

rFire    . . .     SeeInvis +   m - +2 broad axe (chop)
rCold    . . .     Gourm    .   (no shield)
rNeg     . . .     Faith    .   a - +10 plate armour {ponderous}
rPois    .         Spirit   .   y - +0 mask of the Dragon {MR+ Slay+3 SInv}
rElec    .         Reflect  .   n - +0 cloak of Diubboma {Str+2 Dex+4 Slay+3}
rCorr    .         Harm     .   u - +0 pair of gloves
MR       ++...     NoTele   +   w - +1 pair of boots {run}
Stlth    ..........             (no amulet)
Regen    0.0/turn               b - +2 ring of evasion
MPRegen  0.2/turn               o - +3 ring of intelligence

@: lethally poisoned (-3 -> -33), gold aura, non-regenerating
A: damage resistance, heal wounds, sense surroundings 2, no regeneration
a: Heal Wounds, Potion Petition, Call Merchant, Bribe Branch, Renounce Religion


You were in the Dungeon.
You worshipped Gozag.
Gozag was pleased with you.
You were completely stuffed.

You visited 1 branch You collected 9108 gold pieces.
You spent 2183 gold pieces at shops.
You paid 6080 gold pieces to Gozag.

Inventory:

Hand Weapons
 m - a +2 broad axe of chopping (weapon)
Armour
 a - a +10 plate armour of ponderousness (worn)
 n - the +0 cloak of Diubboma (worn) {Str+2 Dex+4 Slay+3}
   (You bought it in a shop in the Dungeon)

   It affects your strength (+2).
   It affects your dexterity (+4).
   It affects your accuracy and damage with ranged weapons and melee attacks
   (+3).
 u - a +0 pair of gloves (worn)
 w - a +1 pair of boots of running (worn)
 y - the +0 mask of the Dragon (worn) {MR+ Slay+3 SInv}
   (You bought it in a shop in the Dungeon)

   It affects your accuracy and damage with ranged weapons and melee attacks
   (+3).
   It affects your resistance to hostile enchantments.
   It lets you see invisible.
Jewellery
 b - a +2 ring of evasion (left hand)
 o - a +3 ring of intelligence (right hand)
Scrolls
 d - a scroll of identify
 h - 5 scrolls of remove curse
 k - 3 scrolls of blinking
 l - 2 scrolls of amnesia
 p - a scroll of enchant armour
 q - 6 scrolls of fog
Potions
 e - 6 potions of curing
 f - 2 potions of haste
 g - 6 potions of heal wounds
 i - 4 potions of magic
 j - a potion of berserk rage
 v - 2 potions of brilliance {unknown}
Comestibles
 r - 40 fruits
 s - 12 bread rations
 t - 10 meat rations


   Skills:
 + Level 14.1 Fighting
 + Level 16.3 Axes
 + Level 16.4 Armour
 + Level 16.2 Dodging
   Level 3.2 Shields
 + Level 12.7 Spellcasting


You had 36 spell levels left.
You didn't know any spells.

Dungeon Overview and Level Annotations

Branches:
Dungeon (1/1)

Altars:
Cheibriados
Dithmenos
Elyvilon
Fedhas
Gozag
Hepliaklqana
Kikubaaqudgha
Makhleb
Nemelex Xobeh
Okawaru
Qazlal
Ru
Sif Muna
Trog
Uskayaw
Vehumet
Wu Jian
Xom
Yredelemnul
Zin
The Shining One
Beogh
Jiyva
Lugonu

Shops:
D [[(}[[?[*[


Innate Abilities, Weirdness & Mutations

You are resistant to damage.
You can heal yourself by infusing magical energy.
You passively map the area around you.
You do not regenerate.


Message History

You feel sick. The spiny frog stings you!!
* * * LOW HITPOINT WARNING * * *
You are more poisoned.
The spiny frog poisons you!
You hit the spiny frog but do no damage.
The spiny frog is almost dead.
* * * LOW HITPOINT WARNING * * *
You feel very sick.
The spiny frog is distracted by the nearby gold.
Unknown command.
The spiny frog gives a loud, deep croak!
You slash the spiny frog!
You kill the spiny frog!
* * * LOW HITPOINT WARNING * * *
You feel very sick.
The bog body is no longer distracted by gold.
The bog body gestures at you while chanting.
The bolt of cold hits you!
You die...
Your body crumbles into a pile of gold.

_▓.▓.▓.▓.▓.▓[▓)♣, *
* _▓.▓.▓.▓∩▓.▓.▓.♣.♣
,* * , ,
_▓.▓.▓[▓.▓.▓)▓.♣F♣ *
* ,*
_▓.▓'▓.▓(▓.▓)▓.♣J♣ *
* ,
_▓.▓.▓.▓.▓.▓)▓.♣F♣ *
_▓.▓.▓.▓)▓.▓)▓.♣.♣,*
*, ,
_▓.▓.▓.▓[▓.▓)▓.♣n♣ *
, *
_▓.▓.▓.▓)▓.▓)▓.♣$♣
+* ,
'▓.▓.▓.▓[▓.▓)▓.♣@♣
,*, *
.▓.▓[▓.▓)▓.▓)▓.♣$♣ *
, ,
.▓.▓)▓.▓)▓.▓.▓.▓.▓,*
, ,
.▓.▓.▓.▓)▓.▓=▓.▓.▓,
, .▓.▓.▓.▓.▓.▓=▓.▓.▓
* * * ,
)▓.▓.▓.▓.▓.▓.▓.▓.▓ *
*, *,
)▓.▓.▓.▓.▓.▓=▓.▓.▓
*,*
.▓.▓.▓.▓.▓.▓'▓.▓.▓,
,* * ,
.▓.▓.▓.▓.▓.▓.▓.▓.▓ *
, ,*


You could see a slime creature, a bog body and 2 spiny frogs.

Vanquished Creatures
  Frances (D)
  Gastronok (D)
  A thorn hunter (D)
  Donald (D)
  Nessos (D)
  A rakshasa (D)
  Erolcha (D)
  A catoblepas (D)
  A hydra (D)
  A centaur warrior (D)
  An ogre mage (D)
  A two-headed ogre (D)
  A tengu warrior (D)
  Sonja (D)
  A spriggan druid (D)
  A cyclops (D)
  4 orc knights (D)
  7 orc sorcerers (D)
  2 ugly things (D)
  3 spiny frogs (D)
  A komodo dragon (D)
  An efreet (D)
  A yaktaur (D)
  A jumping spider (shapeshifter) (D)
  A dream sheep (D)
  A blink frog (D)
  A tyrant leech (D)
  A hippogriff (D)
  A shadow (D)
  2 yaks (D)
  Grum (D)
  A basilisk (D)
  A hungry ghost (D)
  A vampire mosquito (D)
  4 wargs (D)
  4 water moccasins (D)
  2 porcupines (D)
  2 hell hounds (D)
  5 orc warriors (D)
  An ice beast (D)
  A black bear (D)
  4 wolves (D)
  A crocodile (D)
  A centaur (D)
  2 bullfrogs (D)
  A howler monkey (D)
  2 orc priests (D)
  2 hounds (D)
  11 orc wizards (D)
  2 worker ants (D)
  An adder (D)
  A shadow imp (D)
  An adder zombie (D)
  12 orcs (D)
  A bat (D)
  A goblin (D)
  A hobgoblin (D)
  A frilled lizard (D)
  A leopard gecko skeleton (D)
  A rat (D)
113 creatures vanquished.

Vanquished Creatures (others)
  An unseen horror (D)
  An orc wizard (D)
2 creatures vanquished.

Grand Total: 115 creatures vanquished

Notes
Turn   | Place    | Note
-------+----------+-------------------------------------------
     0 | D        | potatolord6000 the Deep Dwarf Fighter began the quest for the Orb.
     0 | D        | Reached XP level 1. HP: 20/20 MP: 1/1
    11 | D        | Reached skill level 1 in Dodging
    48 | D        | Reached XP level 2. HP: 18/28 MP: 2/2
    60 | D        | Reached XP level 3. HP: 23/36 MP: 3/3
    66 | D        | Found a roughly hewn altar of Beogh.
    66 | D        | Found a snail-covered altar of Cheibriados.
    66 | D        | Found a shadowy altar of Dithmenos.
    66 | D        | Found a white marble altar of Elyvilon.
    66 | D        | Found a blossoming altar of Fedhas.
    66 | D        | Found an opulent altar of Gozag.
    67 | D        | Found a hazy altar of Hepliaklqana.
    68 | D        | Found a viscous altar of Jiyva.
    69 | D        | Found an ancient bone altar of Kikubaaqudgha.
    70 | D        | Found a corrupted altar of Lugonu.
    71 | D        | Found a burning altar of Makhleb.
    72 | D        | Found a sparkling altar of Nemelex Xobeh.
    73 | D        | Found an iron altar of Okawaru.
    75 | D        | Became a worshipper of Gozag Ym Sagoz the Greedy
    76 | D        | Found a stormy altar of Qazlal.
    77 | D        | Found a sacrificial altar of Ru.
    78 | D        | Found a deep blue altar of Sif Muna.
    79 | D        | Found a bloodstained altar of Trog.
    80 | D        | Found a hide-covered altar of Uskayaw.
    81 | D        | Found a radiant altar of Vehumet.
    82 | D        | Found an ornate altar of the Wu Jian Council.
    83 | D        | Found a shimmering altar of Xom.
    84 | D        | Found a basalt altar of Yredelemnul.
    85 | D        | Found a glowing silver altar of Zin.
    86 | D        | Found a glowing golden altar of the Shining One.
   255 | D        | Reached skill level 5 in Armour
   255 | D        | Reached skill level 1 in Spellcasting
   259 | D        | Reached skill level 5 in Axes
   259 | D        | Reached XP level 4. HP: 44/45 MP: 2/5
   274 | D        | Reached skill level 5 in Fighting
   274 | D        | Reached skill level 5 in Dodging
   274 | D        | Reached XP level 5. HP: 45/52 MP: 4/8
   307 | D        | Noticed a vampire mosquito
   307 | D        | Noticed a tengu warrior
   307 | D        | Noticed a centaur
   307 | D        | Noticed an ice beast
   307 | D        | Noticed a two-headed ogre
   316 | D        | Killed a two-headed ogre
   316 | D        | Reached skill level 5 in Spellcasting
   316 | D        | Reached XP level 6. HP: 25/66 MP: 8/13
   316 | D        | Reached XP level 7. HP: 27/72 MP: 8/14
   329 | D        | Killed a tengu warrior
   329 | D        | Reached skill level 10 in Armour
   329 | D        | Reached XP level 8. HP: 59/82 MP: 10/15
   345 | D        | Reached skill level 10 in Axes
   474 | D        | Noticed a komodo dragon
   474 | D        | Noticed a blink frog
   484 | D        | Killed a blink frog
   484 | D        | Reached skill level 10 in Dodging
   484 | D        | Gained mutation: You passively map the area around you. [Deep Dwarf growth]
   484 | D        | Reached XP level 9. HP: 75/90 MP: 14/14
   498 | D        | Killed a komodo dragon
   613 | D        | Bought a polished plate armour for 924 gold pieces
   613 | D        | Identified the +3 plate armour "Zofefrexue" {rF+} (You bought it in a shop in the Dungeon)
   732 | D        | Noticed a spiny frog
   735 | D        | Noticed a spiny frog
   764 | D        | Killed a spiny frog
   764 | D        | Reached skill level 10 in Fighting
   787 | D        | Killed a spiny frog
   787 | D        | Reached XP level 10. HP: 36/102 MP: 17/17
   914 | D        | Bought a fine cloak for 313 gold pieces
   919 | D        | Identified the +0 cloak of Diubboma {Str+2 Dex+4 Slay+3} (You bought it in a shop in the Dungeon)
   973 | D        | Noticed Grum
   983 | D        | Killed Grum
  1016 | D        | Noticed Gastronok
  1029 | D        | Killed Gastronok
  1156 | D        | Noticed an orc knight
  1156 | D        | Noticed an orc knight
  1157 | D        | Noticed an orc knight
  1165 | D        | Noticed an orc knight
  1165 | D        | Killed an orc knight
  1178 | D        | Killed an orc knight
  1178 | D        | Reached skill level 10 in Spellcasting
  1178 | D        | Reached XP level 11. HP: 89/111 MP: 15/17
  1185 | D        | Killed an orc knight
  1195 | D        | Killed an orc knight
  1268 | D        | Bought a +1 pair of boots of running for 365 gold pieces
  1268 | D        | Bought a +1 helmet of intelligence for 165 gold pieces
  1301 | D        | Found Miaff's Magic Scroll Boutique.
  1301 | D        | Noticed an orc sorcerer
  1301 | D        | Noticed an orc sorcerer
  1301 | D        | Noticed an orc sorcerer
  1302 | D        | Noticed an orc sorcerer
  1303 | D        | Noticed an orc sorcerer
  1307 | D        | Killed an orc sorcerer
  1310 | D        | Killed an orc sorcerer
  1311 | D        | Found Fylisiwi's Antique Armour Shop.
  1322 | D        | Killed an orc sorcerer
  1327 | D        | Killed an orc sorcerer
  1330 | D        | Killed an orc sorcerer
  1331 | D        | Found Tufuz's Armour Boutique.
  1334 | D        | Found Odaid's Gadget Shop.
  1336 | D        | Noticed an orc sorcerer
  1337 | D        | Noticed an orc sorcerer
  1351 | D        | Killed an orc sorcerer
  1361 | D        | Killed an orc sorcerer
  1408 | D        | Bought a scroll of enchant weapon for 82 gold pieces
  1471 | D        | Noticed Erolcha
  1478 | D        | Killed Erolcha
  1584 | D        | Noticed a catoblepas
  1594 | D        | Noticed an ogre mage
  1594 | D        | Killed an unseen horror
  1596 | D        | Noticed a rakshasa
  1613 | D        | Noticed a white ugly thing
  1615 | D        | Noticed a purple ugly thing
  1634 | D        | Killed a catoblepas
  1635 | D        | Killed a rakshasa
  1657 | D        | Killed an ogre mage
  1657 | D        | Reached skill level 15 in Axes
  1657 | D        | Reached skill level 15 in Armour
  1657 | D        | Reached XP level 12. HP: 56/126 MP: 17/17
  1677 | D        | Reached skill level 15 in Dodging
  1679 | D        | Noticed a centaur warrior
  1682 | D        | HP: 5/126 [centaur warrior/arrow (11)]
  1690 | D        | Killed a centaur warrior
  1753 | D        | Bought the +0 mask of the Dragon {MR+ Slay+3 SInv} for 334 gold pieces
  1813 | D        | Noticed Nessos
  1834 | D        | Killed Nessos
  1851 | D        | Noticed Frances
  1852 | D        | Noticed Sonja
  1869 | D        | Killed Frances
  1878 | D        | Killed Sonja
  1881 | D        | Noticed Donald
  1899 | D        | Killed Donald
  1952 | D        | Noticed a thorn hunter
  1952 | D        | Noticed a six-headed hydra
  1967 | D        | Killed a 12-headed hydra
  1979 | D        | Killed a thorn hunter
  1984 | D        | Killed from afar by a bog body

Vault maps used:
D:        linesprint

Skill      XL: |  1  2  3  4  5  6  7  8  9 10 11 12 |
---------------+-------------------------------------+-----
Dodging        | 2 3 4 5 8 9 10 11 13 14 16 | 16.2
Fighting       | 3 4 5 7 8 10 11 13 14 | 14.1
Axes           | 3 4 5 8 9 10 11 13 15 16 | 16.3
Armour         | 4 5 6 8 10 12 13 15 16 | 16.4
Spellcasting   | 1 2 5 6 7 8 10 11 12 | 12.7
Shields        | |  3.2

Action                   |  1- 3 |  4- 6 |  7- 9 | 10-12 || total
-------------------------+-------+-------+-------+-------++-------
Melee: War axe           |    42 |       |       |       ||    42
       Broad axe         |     9 |    24 |    97 |   347 ||   477
Invok: Call Merchant     |       |       |     1 |     5 ||     6
       Potion Petition   |       |       |       |     1 ||     1
 Abil: Heal Wounds       |     1 |       |     8 |    28 ||    37
  Use: Potion            |     1 |     3 |     1 |     4 ||     9
       Scroll            |       |       |     1 |     1 ||     2
 Stab: Distracted        |       |       |     1 |     5 ||     6
       Petrified         |       |       |       |     3 ||     3
       Paralysed         |       |       |       |     2 ||     2
  Eat: Bread ration      |       |       |     1 |       ||     1
       Meat ration       |       |       |       |     2 ||     2
Armor: Scale mail        |    16 |       |       |       ||    16
       Chain mail        |     3 |    13 |    17 |       ||    33
       Plate armour      |       |       |    23 |   126 ||   149
Dodge: Dodged            |    31 |    14 |    81 |   182 ||   308
